 Dungeon Crawl Stone Soup version 0.31-a0-162-gc4c5a43528 (webtiles) character file.

Game seed: 6843418065665615878

8262 qw the Skirmisher (level 11, -5/71 HPs)
             Began as a Gargoyle Hunter on June 12, 2023.
             Was a Believer of Okawaru.
             Slain by a bone dragon (9 damage)
             ... on level 1 of the Abyss.
             The game lasted 00:04:38 (8508 turns).

qw the Skirmisher (Gargoyle Hunter)                 Turns: 8508, Time: 00:04:38

Health: -5/71      AC: 17    Str: 15    XL:     11   Next: 28%
Magic:  12/14      EV: 25    Int: 10    God:    Okawaru [**....]
Gold:   437        SH:  0    Dex: 23    Spells: 10/10 levels left

rFire   . . .        Y - +0 orcbow
rCold   + . .        (shield currently unavailable)
rNeg    + . .        c - +2 leather armour {rC+}
rPois   inf          b - +1 helmet
rElec   +            (no cloak)
rCorr   .            (no gloves)
SInv    .            h - +0 pair of boots
Will    .....        (no amulet)
Stlth   +++          f - +5 ring of evasion
HPRegen 0.31/turn    k - +6 ring of dexterity
MPRegen 0.14/turn

%: no passive effects
@: about to teleport, heroic
A: sickness immunity, AC +8, negative energy resistance 1, electricity
resistance, torment resistance 1, petrification resistance
a: Renounce Religion, Heroism


You were on level 1 of the Abyss.
You worshipped Okawaru.
Okawaru was pleased with you.
You visited 1 branch of the dungeon, and saw 10 of its levels.
You visited the Abyss 1 time.

You collected 492 gold pieces.
You spent 55 gold pieces at shops.


Innate Abilities, Weirdness & Mutations

You are immune to sickness and miasma.
Your stone body is resilient. (AC +8)
You are immune to poison.
You resist negative energy. (rN+)
You are resistant to electric shocks. (rElec)
You are resistant to unholy torment.
You are immune to petrification.


   Skills:
 - Level 9.0(14.0) Fighting
 - Level 13.8(18.8) Ranged Weapons
 + Level 2.2(7.2) Armour
 - Level 5.1(10.1) Dodging
 - Level 1.1(6.1) Stealth
 - Level 4.0 Invocations


You had 10 spell levels left.
You didn't know any spells.
Your spell library was empty.

Inventory:

Hand Weapons
 Y - a +0 orcbow (weapon)
Armour
 b - a +1 helmet (worn)
 c - a +2 leather armour of cold resistance (worn)
 h - a +0 pair of boots (worn)
 l - a +3 leather armour
Jewellery
 f - a +5 ring of evasion (left hand)
 k - a +6 ring of dexterity (right hand)
Scrolls
 a - a scroll of identify
Potions
 e - a potion of magic
 g - a potion of curing
 j - a potion of lignification
 o - a potion of might

Dungeon Overview and Level Annotations

Branches:
Dungeon (10/15)            Temple (0/1) D:7
   Lair: D:8-11         Orc: D:9-12

Altars:
Ashenzari
Elyvilon
Fedhas
Gozag
Hepliaklqana
Kikubaaqudgha
Okawaru
Qazlal
Sif Muna
Trog
Yredelemnul
Zin
The Shining One

Shops:
D:5 ?

Annotations:
D:4 2 transporters, 3 runed translucent doors, qw's ghost, amateur GrFi; qw's ghost, novice GrHu
D:10 Erolcha


Message History

The fire bat completely misses you. x2; The fire bat misses you.
You shoot an arrow.
The arrow hits the bone dragon but does no damage.
The bone dragon is heavily damaged.
The bone dragon completely misses you. The bone dragon closely misses you.
The bone dragon tramples you.
You stumble backwards!
The fire bat misses you.
You shoot an arrow.
The arrow hits the bone dragon but does no damage.
The bone dragon is heavily damaged.
The fire bat bites you but does no damage.
The fire bat misses you. The bone dragon bites you!
The bone dragon completely misses you.
The bone dragon tramples you but does no damage.
You shoot an arrow. The arrow hits the bone dragon.
The bone dragon is heavily damaged.
The fire bat misses you.
You shoot an arrow. The arrow hits the bone dragon.
The bone dragon is heavily damaged.
The fire bat bites you but does no damage.
The fire bat completely misses you.
The bone dragon bites you but does no damage.
The bone dragon misses you. The bone dragon closely misses you.
The fire bat barely misses you.
You shoot an arrow. The arrow hits the bone dragon!
The bone dragon is severely damaged.
The fire bat barely misses you. x2; The bone dragon closely misses you.
The bone dragon barely misses you. x2
You shoot an arrow.
The arrow barely misses the bone dragon.
The arrow closely misses the fire bat.
You feel like a meek peon again. The fire bat misses you.
The fire bat closely misses you.
8508 ||| INVOKING Heroism.
You gain the combat prowess of a mighty hero.
Okawaru will no longer gift you throwing weapons.
The fire bat completely misses you. The fire bat closely misses you.
The fire bat misses you. The bone dragon bites you!
The bone dragon claws you but does no damage.
The bone dragon tramples you!
You die...

..## # #..##
#....## .. ###
# #. #.## #
'#. .###. ..
#.# ...#
##....##.#..#.
#####........
#.#Db..##..
##.@# ..#
#.#.b.## ##
###.# .. .#. .


You could see a bone dragon and 2 fire bats.

Vanquished Creatures
  2 two-headed ogres
  3 unseen horror zombies (D:9)
  A fire bat (Abyss:1)
  Eustachio (D:6)
  Menkaure (D:6)
  A water moccasin (D:8)
  3 orc warriors
  2 ice beasts
  A black bear (D:8)
  4 ogres
  4 centaurs
  2 kobold brigands (D:7)
  4 phantoms
  2 bullfrogs
  5 gnoll sergeants
  5 scorpions
  18 wights
  16 killer bees
  2 howler monkeys
  2 centaur zombies (D:9)
  14 hounds
  2 jellies
  5 orc priests
  5 gnoll boudas
  6 iguanas
  5 orc wizards
  Robin (D:3)
  A howler monkey zombie (D:9)
  6 adders
  42 gnolls
  A white imp (D:8)
  An ufetubus (D:3)
  2 worms (D:2)
  3 dart slugs
  25 orcs
  9 ball pythons
  7 endoplasms
  4 giant cockroaches
  19 goblins
  10 hobgoblins
  10 jackals
  6 quokkas
  8 bats
  5 frilled lizards
  20 kobolds
  6 rats
302 creatures vanquished.

Notes
Turn   | Place    | Note
-------+----------+-------------------------------------------
     0 | D:1      | qw the Gargoyle Hunter began the quest for the Orb.
     0 | D:1      | Reached XP level 1. HP: 12/12 MP: 1/1
     0 | D:1      | 0 ||| qw: Version: 0.2-a-29-gc1b59c4
     0 | D:1      | 0 ||| qw: Game counter: 4416
     0 | D:1      | 0 ||| qw: Always use a shield: true
     0 | D:1      | 0 ||| qw: God list: Okawaru
     0 | D:1      | 0 ||| qw: Allow faded altars: false
     0 | D:1      | 0 ||| qw: Do Orc after D:15 true
     0 | D:1      | 0 ||| qw: Do second Lair branch before Depths: true
     0 | D:1      | 0 ||| qw: Lair rune preference: random
     0 | D:1      | 0 ||| qw: Plans: Normal, Zot:1-4, Slime:5, God:TSO, Crypt,
                  | Tomb, Abyss, Pan, Hells, Win
     0 | D:1      | 0 ||| PLANNING D:1-11
    81 | D:1      | Reached XP level 2. HP: 17/17 MP: 2/2
   202 | D:1      | Reached XP level 3. HP: 21/21 MP: 3/3
   232 | D:1      | Reached skill level 5 in Ranged Weapons
   700 | D:1      | 700 ||| READING scroll labelled LYCOPLO BISMOTEM.
   701 | D:1      | 701 ||| DROPPING scroll of butterflies.
   769 | D:2      | Identified the +4 dagger "Kenyf" {drain, *Slow Int+6 Dex+3}
   780 | D:2      | Reached skill level 3 in Fighting
   801 | D:2      | Reached XP level 4. HP: 28/28 MP: 4/4
  1407 | D:2      | 1407 ||| UPGRADING to +0 ring mail.
  1417 | D:2      | 1417 ||| DROPPING +0 leather armour.
  1418 | D:2      | 1418 ||| READING scroll labelled ERPHOL FUMPA.
  1419 | D:2      | 1419 ||| READING scroll labelled RYTUHO FAU.
  1420 | D:2      | 1420 ||| READING scroll labelled MUTTUIL JAUW.
  1438 | D:3      | Reached skill level 1 in Armour
  1447 | D:3      | Reached XP level 5. HP: 29/32 MP: 5/5
  1455 | D:3      | Reached skill level 6 in Ranged Weapons
  1710 | D:3      | Found a hazy altar of Hepliaklqana.
  1712 | D:3      | Noticed Robin
  1722 | D:3      | Killed Robin
  1772 | D:3      | Found a glowing golden altar of the Shining One.
  1772 | D:3      | Found an iron altar of Okawaru.
  1774 | D:3      | 1774 ||| PLANNING OKAWARU WORSHIP
  1774 | D:3      | 1774 ||| UPGRADING to +0 helmet.
  1779 | D:3      | 1779 ||| READING scroll labelled WEKHIU EXOEFU.
  1781 | D:3      | Found a white marble altar of Elyvilon.
  1781 | D:3      | Found a shimmering blue altar of Sif Muna.
  1781 | D:3      | Found a broken altar of Ashenzari.
  1789 | D:3      | Became a worshipper of Warmaster Okawaru
  1789 | D:3      | 1789 ||| PLANNING D:1-11
  1870 | D:3      | Reached XP level 6. HP: 35/38 MP: 6/6
  2024 | D:3      | Found a faded altar of an unknown god.
  2069 | D:3      | Found a blossoming altar of Fedhas.
  2069 | D:3      | Found a bloodstained altar of Trog.
  2069 | D:3      | Found a glowing silver altar of Zin.
  2069 | D:3      | Found an ancient bone altar of Kikubaaqudgha.
  2078 | D:3      | Found a stormy altar of Qazlal.
  2083 | D:3      | Found a basalt altar of Yredelemnul.
  2356 | D:3      | 2356 ||| READING scroll labelled NEOTALLEHAA.
  2446 | D:4      | 2446 ||| FLEEEEING.
  2447 | D:4      | 2447 ||| FLEEEEING.
  2448 | D:4      | 2448 ||| FLEEEEING.
  2449 | D:4      | 2449 ||| FLEEEEING.
  2453 | D:4      | 2453 ||| FLEEEEING.
  2477 | D:4      | Found a transporter.
  2524 | D:4      | Found a transporter.
  2537 | D:4      | Reached skill level 7 in Ranged Weapons
  2552 | D:4      | Reached XP level 7. HP: 41/43 MP: 7/7
  2564 | D:4      | Reached * piety under Okawaru
  2619 | D:4      | Found a runed translucent gate.
  2622 | D:4      | Found a runed translucent gate.
  2623 | D:4      | Found a runed translucent gate.
  2627 | D:4      | Noticed qw's ghost (novice GrHu)
  2627 | D:4      | Noticed qw's ghost (amateur GrFi)
  2702 | D:4      | Found an opulent altar of Gozag.
  2793 | D:4      | Reached skill level 1 in Invocations
  2803 | D:4      | 2803 ||| INVOKING Heroism.
  2807 | D:4      | Reached skill level 8 in Ranged Weapons
  2817 | D:4      | 2817 ||| INVOKING Heroism.
  2871 | D:4      | 2871 ||| FLEEEEING.
  3029 | D:4      | 3029 ||| UPGRADING to +2 leather armour of cold resistance.
  3039 | D:4      | 3039 ||| DROPPING +0 ring mail.
  3040 | D:4      | 3040 ||| READING scroll labelled SYAZEA TIGAH.
  3041 | D:4      | 3041 ||| READING scroll labelled UDDOPH XAUP.
  3051 | D:5      | Entered Level 5 of the Dungeon
  3052 | D:5      | 3052 ||| INVOKING Heroism.
  3057 | D:5      | Reached skill level 3 in Invocations
  3058 | D:5      | 3058 ||| STAIRDANCE
  3173 | D:5      | 3173 ||| INVOKING Heroism.
  3186 | D:5      | Reached XP level 8. HP: 14/49 MP: 8/10
  3188 | D:5      | 3188 ||| INVOKING Heroism.
  3318 | D:5      | Identified the +2 leather armour of Resilience {Str+2}
  3373 | D:5      | 3373 ||| INVOKING Heroism.
  3437 | D:5      | Found Zafiuz's Magic Scroll Shop.
  3441 | D:5      | 3441 ||| BUYING scroll of identify (22 gold).
  3441 | D:5      | Bought a scroll of identify for 22 gold pieces
  3441 | D:5      | 3441 ||| BUYING scroll of teleportation (33 gold).
  3441 | D:5      | Bought a scroll of teleportation for 33 gold pieces
  3481 | D:5      | 3481 ||| INVOKING Heroism.
  3516 | D:5      | 3516 ||| INVOKING Heroism.
  3529 | D:5      | Reached skill level 9 in Ranged Weapons
  3529 | D:5      | 3529 ||| FLEEEEING.
  3530 | D:5      | 3530 ||| FLEEEEING.
  3531 | D:5      | 3531 ||| FLEEEEING.
  3532 | D:5      | 3532 ||| FLEEEEING.
  3533 | D:5      | 3533 ||| FLEEEEING.
  3534 | D:5      | 3534 ||| FLEEEEING.
  3535 | D:5      | 3535 ||| FLEEEEING.
  3536 | D:5      | 3536 ||| FLEEEEING.
  3537 | D:5      | 3537 ||| FLEEEEING.
  3538 | D:5      | 3538 ||| FLEEEEING.
  3539 | D:5      | 3539 ||| FLEEEEING.
  3540 | D:5      | 3540 ||| FLEEEEING.
  3543 | D:5      | 3543 ||| FLEEEEING.
  3544 | D:5      | 3544 ||| FLEEEEING.
  3545 | D:5      | 3545 ||| FLEEEEING.
  3546 | D:5      | 3546 ||| FLEEEEING.
  3549 | D:5      | 3549 ||| FLEEEEING.
  3550 | D:5      | 3550 ||| FLEEEEING.
  3551 | D:5      | 3551 ||| FLEEEEING.
  3552 | D:5      | 3552 ||| STAIRDANCE
  3631 | D:4      | 3631 ||| READING 3 scrolls of identify.
  3631 | D:4      | 3631 ||| IDENTIFYING amethyst potion
  3632 | D:4      | 3632 ||| READING 2 scrolls of identify.
  3632 | D:4      | 3632 ||| IDENTIFYING metallic brown potion
  3633 | D:4      | 3633 ||| DROPPING potion of degeneration.
  3644 | D:5      | 3644 ||| STAIRDANCE
  3675 | D:5      | 3675 ||| STAIRDANCE
  3794 | D:5      | 3794 ||| INVOKING Heroism.
  3840 | D:5      | Reached skill level 6 in Fighting
  3898 | D:5      | 3898 ||| INVOKING Heroism.
  3940 | D:5      | Reached XP level 9. HP: 49/55 MP: 12/12
  4013 | D:5      | 4013 ||| Stepping ~*~*~tactically~*~*~ (outnumbered).
  4029 | D:5      | 4029 ||| INVOKING Heroism.
  4033 | D:5      | Reached skill level 10 in Ranged Weapons
  4137 | D:5      | 4137 ||| INVOKING Heroism.
  4212 | D:5      | 4212 ||| INVOKING Heroism.
  4382 | D:5      | Reached skill level 3 in Dodging
  4427 | D:5      | 4427 ||| DROPPING +2 leather armour of Resilience {Str+2}.
  4428 | D:5      | 4428 ||| READING scroll labelled XAZEYKHLIYXT.
  4429 | D:5      | 4429 ||| READING scroll labelled YHO QIMIXTANOY.
  4430 | D:5      | 4430 ||| READING scroll labelled VONIM EWKYA.
  4431 | D:5      | 4431 ||| READING scroll labelled PUUHEUNIRY.
  4474 | D:6      | 4474 ||| INVOKING Heroism.
  4516 | D:6      | 4516 ||| SWAPPING to +0 orcbow.
  4517 | D:6      | 4517 ||| DROPPING +0 heavy shortbow.
  4639 | D:6      | 4639 ||| INVOKING Heroism.
  4639 | D:6      | Noticed Eustachio
  4647 | D:6      | Noticed Menkaure
  4650 | D:6      | Killed Menkaure
  4661 | D:6      | 4661 ||| FLEEEEING.
  4662 | D:6      | 4662 ||| FLEEEEING.
  4663 | D:6      | 4663 ||| FLEEEEING.
  4665 | D:6      | 4665 ||| FLEEEEING.
  4666 | D:6      | 4666 ||| INVOKING Heroism.
  4675 | D:6      | Killed Eustachio
  4738 | D:6      | 4738 ||| INVOKING Heroism.
  4805 | D:6      | 4805 ||| READING scroll of enchant armour.
  4805 | D:6      | 4805 ||| ENCHANTING +0 helmet.
  4832 | D:6      | Reached skill level 11 in Ranged Weapons
  4857 | D:6      | Noticed a two-headed ogre
  4858 | D:6      | 4858 ||| INVOKING Heroism.
  4869 | D:6      | Killed a two-headed ogre
  4870 | D:6      | Reached XP level 10. HP: 22/65 MP: 11/13
  5362 | D:6      | 5362 ||| READING scroll labelled WOGUEM BAJAIVAGH.
  5363 | D:6      | 5363 ||| DRINKING 3 purple potions.
  5364 | D:6      | 5364 ||| READING 3 scrolls of identify.
  5364 | D:6      | 5364 ||| IDENTIFYING sapphire potion
  5365 | D:6      | 5365 ||| READING 2 scrolls of identify.
  5365 | D:6      | 5365 ||| IDENTIFYING fuming purple potion
  5366 | D:6      | 5366 ||| DROPPING potion of brilliance.
  5425 | D:7      | Reached ** piety under Okawaru
  5427 | D:7      | 5427 ||| INVOKING Heroism.
  5803 | D:7      | 5803 ||| INVOKING Heroism.
  6000 | D:7      | Found a staircase to the Ecumenical Temple.
  6271 | D:7      | 6271 ||| UPGRADING to +5 ring of evasion.
  6272 | D:7      | 6272 ||| READING scroll labelled EHISAEDUSHRA.
  6379 | D:8      | 6379 ||| INVOKING Heroism.
  6388 | D:8      | Reached skill level 12 in Ranged Weapons
  6653 | D:8      | Identified the +3 short sword "Cafuxalo" {spect, rElec
                  | SInv}
  6820 | D:8      | 6820 ||| Stepping ~*~*~tactically~*~*~ (outnumbered).
  6822 | D:8      | 6822 ||| Stepping ~*~*~tactically~*~*~ (outnumbered).
  6831 | D:8      | Found a flagged portal.
  6867 | D:8      | 6867 ||| INVOKING Heroism.
  6883 | D:8      | HP: 15/65 [killer bee (2)]
  6884 | D:8      | 6884 ||| READING scroll of teleportation.
  6885 | D:8      | 6885 ||| DRINKING 2 potions of heal wounds.
  6990 | D:8      | 6990 ||| INVOKING Heroism.
  7273 | D:8      | 7273 ||| READING 3 scrolls of identify.
  7273 | D:8      | 7273 ||| IDENTIFYING sedimented puce potion
  7274 | D:8      | 7274 ||| READING 2 scrolls of identify.
  7274 | D:8      | 7274 ||| IDENTIFYING fuming black potion
  7275 | D:8      | 7275 ||| DROPPING potion of invisibility.
  7306 | D:9      | 7306 ||| INVOKING Heroism.
  7345 | D:9      | 7345 ||| INVOKING Heroism.
  7358 | D:9      | Reached skill level 13 in Ranged Weapons
  7361 | D:9      | Reached skill level 9 in Fighting
  7590 | D:9      | Reached XP level 11. HP: 71/71 MP: 14/14
  7938 | D:9      | 7938 ||| Stepping ~*~*~tactically~*~*~ (outnumbered).
  7950 | D:9      | Reached *** piety under Okawaru
  7952 | D:9      | 7952 ||| INVOKING Heroism.
  8174 | D:9      | 8174 ||| Stepping ~*~*~tactically~*~*~ (outnumbered).
  8175 | D:9      | 8175 ||| Stepping ~*~*~tactically~*~*~ (outnumbered).
  8176 | D:9      | 8176 ||| Stepping ~*~*~tactically~*~*~ (outnumbered).
  8272 | D:9      | 8272 ||| UPGRADING to +0 pair of boots.
  8277 | D:9      | 8277 ||| UPGRADING to +6 ring of dexterity.
  8278 | D:9      | 8278 ||| READING scroll labelled CINLOU NOJUZIA.
  8279 | D:9      | 8279 ||| READING 2 scrolls of identify.
  8279 | D:9      | 8279 ||| IDENTIFYING blue potion
  8300 | D:10     | Entered Level 10 of the Dungeon
  8412 | D:10     | Noticed a two-headed ogre
  8413 | D:10     | 8413 ||| INVOKING Heroism.
  8420 | D:10     | Killed a two-headed ogre
  8453 | D:10     | Noticed Erolcha
  8454 | D:10     | 8454 ||| INVOKING Heroism.
  8461 | Abyss:1  | Cast into level 1 of the Abyss (Erolcha)
  8474 | Abyss:1  | Noticed a bone dragon
  8491 | Abyss:1  | 8491 ||| INVOKING Heroism.
  8495 | Abyss:1  | HP: 15/71 [bone dragon (9)]
  8496 | Abyss:1  | 8496 ||| READING scroll of teleportation.
  8497 | Abyss:1  | 8497 ||| DRINKING 2 potions of heal wounds.
  8500 | Abyss:1  | 8500 ||| DRINKING potion of heal wounds.
  8503 | Abyss:1  | HP: 10/71 [bone dragon (15)]
  8508 | Abyss:1  | 8508 ||| INVOKING Heroism.
  8508 | Abyss:1  | HP: 4/71 [bone dragon (8)]
  8508 | Abyss:1  | Slain by a bone dragon

Levels and vault maps discovered:
D:1:      mainiacjoe_arrival_reflecting_pool, layout_basic, minmay_cupped
D:2:      layout_basic
D:3:      minmay_angry_zag, layout_loops_ring, grunt_temple_overflow_open,
          minmay_overflow_temple_hex, ebering_ecumenical_altar_mist, uniq_robin
D:4:      gammafunk_wand_slinger, layout_rooms, grunt_gozag_breadcrumbs,
          gammafunk_ghost_cemetery, minmay_misc_feat_tower
D:5:      layout_cave_pools, serial_gnoll_camp, gnoll_camp_mini_shop,
          gnoll_camp_huts_basic, gnoll_camp_mini_doghouse, gnoll_camp_mini_hut,
          gnoll_camp_medium_02
D:6:      layout_basic, minmay_misc_feat_tiny, minivault_27, uniq_eustachio,
          uniq_menkaure
D:7:      layout_basic, minmay_temple_entry_statues, minmay_misc_feat_square
D:8:      layout_basic, enter_bailey_5, minmay_strange_pillars
D:9:      layout_long_grid, serial_undead, serial_undead_f, serial_undead_c,
          serial_undead_e, serial_undead_f, minmay_misc_feat_encased
D:10:     layout_roguey, nicolae_overflow_hidden_temple, lair_entry_dummy,
          uniq_erolcha, uniq_sonja
Abyss:1:  base:
D:3

Skill      XL: |  1  2  3  4  5  6  7  8  9 10 11 |
---------------+----------------------------------+-----
Ranged Weapons | 5 6 7 8 9 11 13 | 13.8
Fighting       | 3 4 5 6 8 9 |  9.0
Armour         | 1 2 |  2.2
Invocations    | 3 4 |  4.0
Dodging        | 2 3 4 5 |  5.1
Stealth        | |  1.1

Action                     |  1- 3 |  4- 6 |  7- 9 | 10-12 || total
---------------------------+-------+-------+-------+-------++-------
   Fire: Shortbow          |   115 |   206 |   303 |       ||   624
         Orcbow            |       |       |    62 |   462 ||   524
 Invoke: Heroism           |       |       |    18 |    12 ||    30
    Use: Scroll            |     1 |     5 |     9 |    10 ||    25
         Potion            |       |       |       |     4 ||     4
 Armour: Leather armour    |    19 |     3 |   105 |   121 ||   248
         Ring mail         |       |    69 |    22 |       ||    91
  Dodge: Dodged            |    35 |    94 |   236 |   473 ||   838

Table legend:
 A = Non-vault XP
 B = Vault XP
 C = Vault XP percentage of total XP
 D = Non-vault monster count
 E = Vault monster count
 F = Vault count percentage of total count
                 A         B        C        D         E       F
            +---------+---------+-------+---------+---------+-------
      Total |    8774 |    3030 |  25.7 |     221 |      81 |  26.8
            +---------+---------+-------+---------+---------+-------
        D:1 |      54 |       6 |  10.0 |      32 |       3 |   8.6
        D:2 |      67 |       0 |   0.0 |      26 |       0 |   0.0
        D:3 |     172 |      66 |  27.7 |      15 |      18 |  54.5
        D:4 |     765 |       0 |   0.0 |      33 |       0 |   0.0
        D:5 |     919 |     897 |  49.4 |      18 |      41 |  69.5
        D:6 |    1698 |     369 |  17.9 |      14 |       2 |  12.5
        D:7 |    1239 |       0 |   0.0 |      30 |       0 |   0.0
        D:8 |    1661 |       6 |   0.4 |      27 |       4 |  12.9
        D:9 |     751 |    1686 |  69.2 |      14 |      13 |  48.1
       D:10 |    1240 |       0 |   0.0 |      11 |       0 |   0.0
    Abyss:1 |     208 |       0 |   0.0 |       1 |       0 |   0.0
            +---------+---------+-------+---------+---------+-------
